 Dungeon Crawl Stone Soup version bcrawl-1.17.3 (webtiles) character file.

Game seed: 4400090918300761759

120 Gumption the Cudgeler (level 5, 0/44 HPs)
             Began as a Sand Dwarf Archaeologist on Oct 19, 2019.
             Killed by nerve-wracking pain
             ... invoked by an orc priest
              (13 damage)
             ... on level 3 of the Dungeon.
             The game lasted 00:29:13 (2989 turns).

Gumption the Cudgeler (Sand Dwarf Archaeologist)    Turns: 2989, Time: 00:29:13

Health: 0/44       AC:  8    Str: 17    XL:     5   Next: 4%
Magic:  5/5        EV: 13    Int: 14    God:
Gold:   156        SH:  0    Dex:  9    Spells: 4/4 levels left

rFire    . . .     SeeInvis .   a - +0 whip
rCold    . . .     Gourm    .   (shield restricted)
rNeg     . . .     Faith    .   q - +0 ring mail
rPois    .         Spirit   .   c - +1 hat
rElec    .         Reflect  .   (no cloak)
rCorr    .         Harm     .   (no gloves)
MR       .....                  d - +1 pair of boots
Stlth    +.........             (no amulet)
HPRegen  0.14/turn              (no ring)
MPRegen  0.09/turn              (no ring)

@: studying Armour, slow
A: small, slowness 1, armour attunement
a: no special abilities


You were on level 3 of the Dungeon.
You were near starving.

You visited 1 branch of the dungeon, and saw 3 of its levels.
You also visited: Sewer.

You collected 156 gold pieces.

Inventory:

Hand Weapons
 a - a +0 whip (weapon)
 b - a +0 blowgun
Missiles
 k - 537 stones (quivered)
 p - 203 bolts
 v - 11 poisoned needles
Armour
 c - a +1 hat (worn)
 d - a +1 pair of boots (worn)
 q - a +0 ring mail (worn)
 u - a +1 robe
Jewellery
 l - an uncursed amulet of the acrobat {unknown}
 r - an uncursed ring of protection from cold {unknown}
 s - an uncursed ring of stealth {unknown}
Scrolls
 h - a scroll of blinking {unknown}
 m - 2 scrolls of remove curse {unknown}
 o - a scroll of magic mapping {unknown}
 t - a scroll of teleportation {unknown}
 x - a scroll of fear {unknown}
Potions
 i - 2 potions of ambrosia
 j - 2 potions of curing
 n - a potion of cancellation
 w - a potion of flight {unknown}
Books
 g - a manual of Armour
Miscellaneous
 f - an ancient crate
Comestibles
 e - 2 rations {!d}


   Skills:
 + Level 2.9 Fighting
 * Level 5.2 Maces & Flails
 + Level 2.9 Armour
 - Level 2.4 Dodging
 - Level 2.4 Stealth


You had 4 spell levels left.
You didn't know any spells.
Your spell library was empty.

Dungeon Overview and Level Annotations

Branches:
Dungeon (3/12)

Altars:
Uskayaw

Annotations:
D:2 1 runed door, Terence


Innate Abilities, Weirdness & Mutations

You are small and have problems with some larger weapons.
You cover ground slowly.
Armour does not affect your spellcasting.


Message History

You are too injured to fight recklessly!
You are too injured to fight recklessly!
You closely miss the orc priest.
The orc priest is lightly wounded.
You hit the orc priest.
The orc priest is severely wounded.
The orc priest calls down the wrath of Beogh upon you.
Beogh smites you!
* * * LOW HITPOINT WARNING * * *
You feel better.
The orc priest mumbles some strange prayers to Beogh against you.
Beogh smites you!
* * * LOW HITPOINT WARNING * * *
You closely miss the orc priest.
The orc priest is severely wounded.
The orc priest looks more healthy.
You feel better.
The orc priest calls down the wrath of Beogh upon you.
Pain shoots through your body!
You die...

# # # # #
##################### #
#..>......[.......... #
#...########...#...#. #
#######...######........(..
#
#.......#.@......#...#...#.
#
#.#####.#o#######..........
#
#.#####.#......############
# #.#......#####.#### #
#.#.###..# ..... #
#)#......##+##...o.
#######.###.#.......#
..........#.#.......#
#######.#.#.#.......#


You could see an orc priest.

Vanquished Creatures
  Robin (D:2)
  4 adders
  2 worms (D:3)
  A dart slug (D:2)
  3 leopard geckos
  2 orcs (D:3)
  2 ball pythons
  8 bats
  2 giant cockroaches
  10 goblins
  4 hobgoblins
  5 jackals
  6 kobolds
  A quokka (D:2)
  A frilled lizard (D:1)
  5 rats
57 creatures vanquished.

Notes
Turn   | Place    | Note
-------+----------+-------------------------------------------
     0 | D:1      | Gumption the Sand Dwarf Archaeologist began the quest for
                  | the Orb.
     0 | D:1      | Reached XP level 1. HP: 16/16 MP: 1/1
   292 | D:1      | Reached skill level 2 in Maces & Flails
   386 | D:1      | Reached XP level 2. HP: 22/24 MP: 2/2
   470 | D:1      | Reached skill level 3 in Maces & Flails
  1026 | D:2      | Reached XP level 3. HP: 29/29 MP: 3/3
  1078 | D:2      | Noticed Robin
  1104 | D:2      | Killed Robin
  1104 | D:2      | Reached skill level 4 in Maces & Flails
  1104 | D:2      | Reached skill level 1 in Armour
  1456 | D:2      | Found a runed door.
  1616 | D:2      | Reached XP level 4. HP: 34/37 MP: 4/4
  1700 | D:2      | Noticed Terence
  2207 | D:3      | Reached skill level 5 in Maces & Flails
  2228 | D:3      | Found a glowing drain.
  2265 | Sewer    | Entered a sewer
  2517 | Sewer    | Noticed Purgy
  2709 | D:3      | Reached XP level 5. HP: 39/44 MP: 5/5
  2947 | D:3      | Found a hide-covered altar of Uskayaw.
  2989 | D:3      | Killed from afar by an orc priest

Skill      XL: |  1  2  3  4 |
---------------+-------------+-----
Maces & Flails | 2 3 4 5 |  5.2
Fighting       | 2 |  2.9
Armour         | 1 2 |  2.9
Dodging        | |  2.4
Stealth        | |  2.4

Action                   |  1- 3 |  4- 6 || total
-------------------------+-------+-------++-------
Melee: Whip              |   148 |   152 ||   300
 Fire: Blowgun           |       |    18 ||    18
Throw: Stone             |    48 |    26 ||    74
  Use: Scroll            |       |     4 ||     4
       Potion            |       |     3 ||     3
 Stab: Sleeping          |     5 |     1 ||     6
  Eat: Chunk             |     3 |     3 ||     6
Armor: Robe              |    45 |    16 ||    61
       Ring mail         |       |    28 ||    28
Dodge: Dodged            |    92 |    96 ||   188
